 Dungeon Crawl Stone Soup version 0.19.0-2-gae57169 (webtiles) character file.

268 DevlanMud the Chopper (level 6, -21/52 HPs)
             Began as a Hill Orc Fighter on Nov 6, 2016.
             Was an Initiate of Ru.
             Demolished by an ogre
             ... wielding a +0 giant spiked club
              (25 damage)
             ... on level 4 of the Dungeon.
             The game lasted 00:06:46 (3060 turns).

DevlanMud the Chopper (Hill Orc Fighter)            Turns: 3060, Time: 00:06:46

Health: -21/52     AC:  7    Str: 21    XL:     6   Next: 21%
Magic:  5/5        EV:  8    Int:  8    God:    Ru [......]
Gold:   198        SH:  9    Dex: 10    Spells: 0 memorised, 5 levels left

rFire  . . .     SeeInvis .     a - +0 war axe
rCold  . . .     Gourm    .     b - +0 scale mail
rNeg   . . .     Faith    .     c - +0 shield
rPois  .         Spirit   .     (no helmet)
rElec  .         Reflect  .     (no cloak)
rCorr  .         Harm     .     (no gloves)
MR     .....                    (no boots)
Stlth  ..........               r - amulet of rage
                                (no ring)
                                (no ring)

@: no status effects
A: low mp 1
a: Renounce Religion, Evoke Berserk Rage


You were on level 4 of the Dungeon.
You worshipped Ru.
Ru was noncommittal.
You were not hungry.

You visited 1 branch of the dungeon, and saw 4 of its levels.

You collected 198 gold pieces.

Inventory:

Hand Weapons
 a - a +0 war axe (weapon)
Armour
 b - a +0 scale mail (worn)
 c - a +0 shield (worn)
Jewellery
 r - an amulet of rage (around neck)
Scrolls
 i - a scroll of recharging {unknown}
 j - 2 scrolls of remove curse
 l - a scroll of teleportation {unknown}
 o - a scroll of fear {unknown}
Potions
 d - a potion of might
 e - a potion of brilliance {unknown}
 h - a potion of lignification
 m - a potion of curing {unknown}
 n - a potion of degeneration {unknown}
 p - a potion of cancellation {unknown}
 q - a potion of haste {unknown}
Comestibles
 f - 4 bread rations
 g - 2 chunks of flesh
 k - 2 meat rations


   Skills:
 + Level 4.1 Fighting
 * Level 6.3 Axes
 + Level 4.1 Armour
 + Level 0.8 Dodging
 + Level 4.3 Shields


You had 5 spell levels left.
You didn't know any spells.

Dungeon Overview and Level Annotations

Branches:
Dungeon (4/15)
 Temple: D:4-7

Altars:
Dithmenos
Elyvilon
Makhleb
Ru
The Shining One


Innate Abilities, Weirdness & Mutations

Your magical capacity is low. (-10% MP)


Message History

The ogre moves out of view.
A quokka comes into view.
Some of the chunks of flesh in your inventory have rotted away.
There is an open door here.
The ogre hits you with a giant spiked club!!
There is an open door, spattered with blood here.
You slash the ogre!
The ogre is moderately wounded.
You barely miss the ogre.
The ogre is moderately wounded.
The ogre barely misses you.
You barely miss the ogre.
The ogre is moderately wounded.
The ogre hits you with a giant spiked club!!
Ouch! That really hurt!
* * * LOW HITPOINT WARNING * * *
Your shield and scale mail prevent you from hitting the ogre.
The ogre is moderately wounded.
The ogre hits you with a giant spiked club!!
You die...

.O ##..####..##..# ..
.....+....+...# ..
.....#....#...## #.
#...####'###...#
###..###...##....##...#
+.<..O................#
#.......r.............#
##..####O####...###..##
#. ###@######+###..#
+...#....[........(.#
#...................#
......########'##>..#
###### #...##...#
#...###### #....#
#....# #....#


You could see an ogre and a quokka.

Vanquished Creatures
  A hound (D:3)
  A centaur skeleton (D:4)
  An orc wizard (D:3)
  A worker ant (D:4)
  5 adders
  An ooze (D:2)
  2 worms
  2 dart slugs
  7 leopard geckos
  2 orcs
  4 giant cockroaches
  5 goblins
  6 hobgoblins
  14 jackals
  A quokka (D:2)
  4 ball pythons
  9 bats
  4 frilled lizards
  13 kobolds
  8 rats
91 creatures vanquished.

Notes
Turn   | Place    | Note
-------+----------+-------------------------------------------
     0 | D:1      | DevlanMud the Hill Orc Fighter began the quest for the Orb.
     0 | D:1      | Reached XP level 1. HP: 19/19 MP: 1/1
    52 | D:1      | Reached XP level 2. HP: 23/27 MP: 2/2
   507 | D:1      | Reached skill level 3 in Axes
   541 | D:1      | Reached XP level 3. HP: 28/33 MP: 3/3
  1084 | D:2      | Reached XP level 4. HP: 34/40 MP: 4/4
  1198 | D:2      | Reached skill level 4 in Axes
  1815 | D:3      | Found a sacrificial altar of Ru.
  1821 | D:3      | Reached XP level 5. HP: 45/46 MP: 5/5
  1841 | D:3      | Became a worshipper of Ru the Awakened
  1926 | D:3      | Reached skill level 5 in Axes
  2116 | D:3      | Found a burning altar of Makhleb.
  2116 | D:3      | Found a shadowy altar of Dithmenos.
  2431 | D:3      | Found a glowing golden altar of the Shining One.
  2825 | D:4      | Reached XP level 6. HP: 46/52 MP: 6/6
  2826 | D:4      | Found a white marble altar of Elyvilon.
  2834 | D:4      | Reached skill level 6 in Axes
  3004 | D:4      | Gained mutation: Your magical capacity is low. (-10% MP) [Ru sacrifice]
  3060 | D:4      | Demolished by an ogre

Skill      XL: |  1  2  3  4  5  6 |
---------------+-------------------+-----
Axes           | 3 4 5 6 |  6.3
Fighting       | 4 |  4.1
Shields        | 4 |  4.3
Armour         | 4 |  4.1
Dodging        | |  0.8

Action                   |  1- 3 |  4- 6 || total
-------------------------+-------+-------++-------
Melee: War axe           |    98 |   205 ||   303
Invok: Sacrifice Essence |       |     1 ||     1
  Use: Scroll            |     2 |     1 ||     3
  Eat: Chunk             |     1 |     7 ||     8
Armor: Scale mail        |    69 |   107 ||   176
Dodge: Dodged            |    35 |    70 ||   105
Block: Shield            |    71 |   123 ||   194
